AoeStats
← xXLucaComXx

Arabia

507122778Analyzed
4v4 RM · 16d ago on Sep 16, 2026· 29m 59s· 8 players
Game mode
Random Map
Map size
Large (8 player)
Population
200
Speed
Normal
Resources
Standard
Victory
Conquest
Starting age
Dark Age
Ending age
Imperial Age
RankedLock teamsTeams togetherTeam positionsShared explorationLock speedFull tech treeHidden civsTurbo modeCheats
Victory
Defeat
🇩🇪 Teutons · Germany
1129
+13
🇩🇪 Lithuanians · Germany
1113
+14
🇩🇪 Portuguese · Germany
1101
+14
🇩🇪 Italians · Germany
1095
+15
🇪🇸 Japanese · Spain
1148
-17
🇯🇵 Britons · Japan
1088
-15
🇯🇵 Mongols · Japan
1019
-12
🇹🇷 Magyars · Türkiye
1008
-12
sada-aki
4:59 Loom
8:18 Feudal Age
8:54 Double-Bit Axe
11:57 Fletching
17:31 Horse Collar
19:49 Padded Archer Armor
aragorn
1:46 Loom
2:02 Loom
11:37 Feudal Age
18:06 Castle Age
16:13 Double-Bit Axe
16:13 Horse Collar
17:40 Stone Mining
19:46 Wheelbarrow
19:30 Heavy Plow
20:39 Bow Saw
23:17 Scale Mail Armor
25:24 Gold Mining
26:13 Pikeman
28:32 Fletching
28:43 Padded Archer Armor
29:24 Ballistics
29:39 Bodkin Arrow
30:02 Thumb Ring
kagemusha
7:21 Loom
9:20 Feudal Age
10:08 Double-Bit Axe
21:05 Castle Age
19:07 Gold Mining
19:52 Bloodlines
19:59 Horse Collar
20:34 Scale Barding Armor
24:24 Wheelbarrow
25:18 Stone Mining
27:23 Fletching
27:48 Bow Saw
Pipoyaa
7:16 Loom
9:38 Feudal Age
9:42 Man-at-Arms
10:09 Double-Bit Axe
15:40 Fletching
16:50 Wheelbarrow
21:11 Castle Age
20:19 Padded Archer Armor
21:15 Crossbowman
21:56 Bodkin Arrow
22:45 Town Watch
23:26 Thumb Ring
26:31 Bow Saw
Lankos
6:56 Loom
9:06 Feudal Age
21:15 Castle Age
19:11 Double-Bit Axe
19:09 Horse Collar
21:31 Bloodlines
21:30 Scale Barding Armor
23:25 Chain Barding Armor
23:14 Gold Mining
27:56 Husbandry
xXLucaComXx
7:16 Loom
9:26 Feudal Age
10:49 Double-Bit Axe
15:40 Scale Barding Armor
17:48 Bloodlines
22:07 Castle Age
20:37 Horse Collar
20:52 Gold Mining
24:15 Chain Barding Armor
24:07 Forging
25:33 Wheelbarrow
Magicarp5000
5:34 Loom
11:04 Feudal Age
11:39 Double-Bit Axe
11:45 Horse Collar
19:32 Castle Age
19:47 Crossbowman
20:47 Fletching
20:57 Scale Mail Armor
21:02 Gold Mining
21:25 Bow Saw
23:53 Pikeman
26:17 Bodkin Arrow
27:15 Chain Mail Armor
28:50 Thumb Ring
rickert.junge
10:46 Feudal Age
11:05 Loom
13:29 Horse Collar
13:50 Double-Bit Axe
23:04 Castle Age
23:18 Light Cavalry
25:48 Bow Saw
Connection lost

Rejoining the realm…

Still unreachable

The connection could not be restored.

Session expired

The server has moved on; the page needs a fresh start.